 Dungeon Crawl Stone Soup version 0.17-a0-1420-geb41feb (webtiles) character file.

34 MackTheKnife the Sneak (level 3, 0/19 HPs)
             Began as a Spriggan Wanderer on June 24, 2015.
             Slain by a worm (11 damage)
             ... on level 2 of the Dungeon.
             The game lasted 00:02:58 (2689 turns).

MackTheKnife the Sneak (Spriggan Wanderer)          Turns: 2689, Time: 00:02:58

Health: 0/19       AC:  2    Str:  7    XL:     3   Next: 14%
Magic:  6/6        EV: 17    Int: 13    God:
Gold:   85         SH:  0    Dex: 17    Spells: 0 memorised, 2 levels left

rFire  . . .     SeeInvis +     j - +0 dagger
rCold  . . .     Clarity  .     e - +0 robe
rNeg   . . .     SustAt   .     (shield restricted)
rPois  .         Gourm    .     (helmet restricted)
rElec  .         Spirit   .     (no cloak)
rCorr  .         Warding  .     (gloves unavailable)
rMut   .         Stasis   .     (boots unavailable)
MR     .....                    (no amulet)
Stlth  +++.......               (no ring)
                                (no ring)

@: very quick, not resistant to hostile enchantments, fairly stealthy
A: unfitting armour, see invisible, herbivore 3, speed 3, slow metabolism 2
a: no special abilities


You were on level 2 of the Dungeon.
You were not hungry.

You visited 1 branch of the dungeon, and saw 3 of its levels.

You collected 85 gold pieces.

Inventory:

Hand weapons
 j - a +0 dagger (weapon)
   (You took it off a goblin on level 2 of the Dungeon)
Armour
 e - a +0 robe (worn)
Scrolls
 a - a scroll of fear
 g - a scroll of identify {unknown}
 i - a scroll of blinking {unknown}
Potions
 b - a potion of haste
 h - a potion of curing {unknown}
Comestibles
 f - a bread ration {@e1}


   Skills:
 - Level 2.4 Fighting
   Level 1.5 Axes
 - Level 1.5 Dodging
 + Level 4.6 Stealth
 - Level 1.5 Unarmed Combat
   Level 2.6 Evocations


You had 2 spell levels left.
You didn't know any spells.

Dungeon Overview and Level Annotations

Branches:
Dungeon (3/15)

Altars:
Fedhas
Gozag


Innate Abilities, Weirdness & Mutations

You are tiny and cannot use many weapons and most armour.
You have supernaturally acute eyesight.
You are a herbivore.
You cover ground extremely quickly.
You need consume almost no food.


Message History

You kill the kobold!
There is an open door here.
Things that are here:
a club; a kobold corpse You see here a dagger.
j - a dagger Wield which item (- for none, * to show all)? (? for menu, Esc to quit)
j - a +0 dagger (weapon)
Drop what? 10/52 slots (_ for help) (? for menu, Esc to quit)
You drop a +0 falchion.
You drop a +0 hand axe.
You start resting.
You regained 6 hp, and now have 16/19 hp.
A hobgoblin is nearby!
A hobgoblin is nearby!
There is an open door here.
The hobgoblin hits you with an enchanted flail.
You take 5 damage, and have 11/19 hp.
MASSIVE DAMAGE!!
You hit the hobgoblin but do no damage.
The hobgoblin hits you with an enchanted flail.
You take 5 damage, and have 6/19 hp.
MASSIVE DAMAGE!!
You barely miss the hobgoblin.
There is an open door here.
There is a stone staircase leading down here.
You climb downwards.
There is a stone staircase leading up here.
You start resting.
Health restored: 19 You climb upwards.
The hobgoblin hits you but does no damage.
The hobgoblin misses you.
There is a stone staircase leading down here.
You hit the hobgoblin but do no damage. You hit the hobgoblin but do no damage.
The hobgoblin completely misses you.
You hit the hobgoblin but do no damage.
The hobgoblin hits you but does no damage.
You hit the hobgoblin but do no damage. The hobgoblin barely misses you.
You hit the hobgoblin. The hobgoblin completely misses you.
You completely miss the hobgoblin. The hobgoblin closely misses you.
You closely miss the hobgoblin. You closely miss the hobgoblin.
The hobgoblin closely misses you.
You hit the hobgoblin.
You kill the hobgoblin!
Things that are here:
an enchanted flail; a robe; a hobgoblin corpse
There is a stone staircase leading down here.
There is an open door here.
A worm comes into view.
A worm is nearby!
A worm is nearby!
A goblin comes into view. It is wielding a club.
The goblin shouts!
You hit the worm. The worm bites you!
You take 7 damage, and have 12/19 hp.
MASSIVE DAMAGE!!
You hit the worm. The worm bites you!
Ouch! That really hurt!
* * * LOW HITPOINT WARNING * * *
You take 10 damage, and have 2/19 hp.
MASSIVE DAMAGE!!
There is an open door here.
You close the door.
There is a stone staircase leading down here.
You climb downwards.
A ball python, a goblin and a hobgoblin come into view.
Found an opulent altar of Gozag.
There is a stone staircase leading up here.
You climb upwards.
There is a stone staircase leading down here.
There is a stone staircase leading down here.
You climb downwards.
There is a stone staircase leading up here.
You start resting.
Health restored: 19 You can't go down here!
You climb upwards.
There is a stone staircase leading down here.
There is an open door here.
There is a stone staircase leading up here.
The worm is too close now for your liking.
A worm is nearby!
You hit the worm. The worm completely misses you.
You hit the worm. You hit the worm. The worm misses you.
You hit the worm. The worm barely misses you.
You hit the worm but do no damage. You hit the worm but do no damage.
The worm bites you!
You take 8 damage, and have 11/19 hp.
MASSIVE DAMAGE!!
You are too injured to fight recklessly!
You are too injured to fight recklessly!
You are too injured to fight recklessly!
You are too injured to fight recklessly!
You hit the worm. You hit the worm. The worm misses you.
You hit the worm. The worm bites you!
Ouch! That really hurt!
You die...

#....##.######
.............#
#.......####.#
##.#########.#####
#.# #.........#
#.# #.###.###.#
##'## #.# #.# #.#
#...## #.###.###.#
.....###.##...##@#
......##.###.###w#
.......#.##...##.#
)......+.......#.#
.......#.........#
.....>######...###
.....## ###.#
#>).## .# ##)## .#


You could see a worm.

Vanquished Creatures
  A worm (D:2)
  4 bats (D:1)
  A giant cockroach (D:2)
  5 goblins
  5 hobgoblins
  6 kobolds
  2 quokkas (D:2)
  4 rats
28 creatures vanquished.

Notes
Turn   | Place    | Note
--------------------------------------------------------------
     0 | D:1      | MackTheKnife the Spriggan Wanderer began the quest for the Orb.
     0 | D:1      | MackTheKnife set off with: a scroll of fear, a potion of haste, a +0 falchion, a +0 hand axe, a +0 robe, a bread ration {@e1}
     0 | D:1      | Reached XP level 1. HP: 11/11 MP: 3/3
    79 | D:1      | Reached skill level 1 in Stealth
   263 | D:1      | Reached skill level 2 in Stealth
   388 | D:1      | HP: 2/11 [bat (1)]
   757 | D:1      | Reached XP level 2. HP: 10/16 MP: 5/5
   878 | D:1      | Reached skill level 3 in Stealth
  1342 | D:2      | Found a blossoming altar of Fedhas.
  1391 | D:2      | Reached skill level 4 in Stealth
  1827 | D:2      | Reached XP level 3. HP: 13/19 MP: 6/6
  2335 | D:2      | HP: 2/19 [worm (10)]
  2348 | D:3      | Found an opulent altar of Gozag.
  2689 | D:2      | Slain by a worm

Vault maps used:
D:1:      nagdon_arrival_double_spiral
D:2:      fedhas_altar_1
D:3:      nicolae_gozag_zags_fifth_avenue, minivault_4

Action                   || total
-------------------------++-------
Melee: Falchion          ||    86
       Dagger            ||    22
 Stab: Sleeping          ||     4

Vault maps used:
D:1:      nagdon_arrival_double_spiral
D:2:      fedhas_altar_1
D:3:      nicolae_gozag_zags_fifth_avenue, minivault_4

Table legend:
 A = Turns spent in this place as a percentage of turns spent in the entire game.
 B = Non-inter-level travel turns spent in this place as a percentage of non-inter-level travel turns spent in the entire game.
 C = Inter-level travel turns spent in this place as a percentage of turns spent in this place.
 D = Turns resting spent in this place as a percentage of non-inter-level travel turns spent in this place.
 E = Turns spent auto-exploring this place as a percentage of non-inter-level travel turns spent in this place.
 F = Non-inter-level travel turns spent in this place divided by the number of levels of this place that you've seen.
                   A       B       C       D       E      F
               +-------+-------+-------+-------+-------+----------------------
         Total | 100.0 | 100.0 |   0.4 |   5.0 |   6.0 | 188.0
       Dungeon | 100.0 | 100.0 |   0.4 |   5.0 |   6.0 | 188.0
               +-------+-------+-------+-------+-------+----------------------

Table legend:
 A = Kills in this place as a percentage of kills in entire the game.
 B = Kills by you in this place as a percentage of kills by you in the entire game.
 C = Kills by friends in this place as a percentage of kills by friends in the entire game.
 D = Other kills in this place as a percentage of other kills in the entire game.
 E = Experience gained in this place as a percentage of experience gained in the entire game.
 F = Experience gained in this place divided by the number of levels of this place that you have seen.
                   A       B       C       D       E      F
               +-------+-------+-------+-------+-------+----------------------
         Total | 100.0 | 100.0 |  -nan |  -nan | 100.0 |  16.3
       Dungeon | 100.0 | 100.0 |  -nan |  -nan | 100.0 |  16.3
               +-------+-------+-------+-------+-------+----------------------
